 Dungeon Crawl Stone Soup version 0.24-a0-378-g94936e539c (webtiles) character file.

Game seed: 14895167049446842608

701 HAL9000 the Cutter (level 7, -3/34 HPs)
             Began as a Vine Stalker Assassin on June 2, 2019.
             Was a Believer of Uskayaw.
             Slain by a worker ant (4 damage)
             ... on level 5 of the Dungeon.
             The game lasted 00:10:03 (4375 turns).

HAL9000 the Cutter (Vine Stalker Assassin)          Turns: 4375, Time: 00:10:04

Health: -3/34      AC:  4    Str: 14    XL:     7   Next: 66%
Magic:  0/8        EV: 10    Int: 13    God:    Uskayaw [**....]
Gold:   139        SH:  5    Dex: 15    Spells: 3/6 levels left

rFire    . . .     SeeInvis .   v - +1 dagger (vamp)
rCold    . . .     Gourm    .   l - +0 buckler
rNeg     . . .     Faith    .   r - +0 leather armour
rPois    .         Spirit   +   (no helmet)
rElec    .         Reflect  .   c - +0 cloak
rCorr    .         Harm     .   (no gloves)
MR       .....                  (no boots)
Stlth    ++........             (no amulet)
HPRegen  0.51/turn              (no ring)
MPRegen  0.11/turn              (no ring)

@: lethally poisoned (-3 -> -3), drained
A: fangs 2, regeneration 1, magic shield, antimagic bite, no potion heal 3, rot
immunity
a: Stomp, Line Pass, Renounce Religion


You were on level 5 of the Dungeon.
You worshipped Uskayaw.
Uskayaw was noncommittal.
You were not hungry.

You visited 1 branch of the dungeon, and saw 5 of its levels.
You also visited: Sewer.

You collected 139 gold pieces.

Inventory:

Hand Weapons
 a - a +2 dagger
 v - a +1 vampiric dagger (weapon)
Missiles
 e - 2 curare-tipped darts (quivered)
 q - 6 poisoned darts
Armour
 b - a +0 robe
 c - a +0 cloak (worn)
 l - a +0 buckler (worn)
 r - a +0 leather armour (worn)
Wands
 w - a wand of digging (7)
Scrolls
 h - 3 scrolls of teleportation {unknown}
 j - a scroll of blinking {unknown}
 m - 2 scrolls of magic mapping {unknown}
 o - a scroll of enchant weapon {unknown}
 p - 2 scrolls of remove curse {unknown}
 t - a scroll of noise {unknown}
 u - 3 scrolls of fog
Potions
 i - a potion of agility
 k - a potion of haste
 n - 3 potions of curing
 z - 5 potions of flight
Comestibles
 d - 3 chunks of flesh
 f - 6 rations


   Skills:
 - Level 1.7(0.7) Fighting
 + Level 5.4(4.3) Short Blades
 - Level 1.7(0.7) Throwing
 - Level 0.7(0.0) Dodging
 - Level 4.8(3.7) Stealth
 * Level 5.1(4.0) Shields


You had 3 spell levels left.
You knew the following spells:

 Your Spells              Type           Power        Failure   Level  Hunger
a - Confuse               Hex            #.......     75%         3    ####...

Your spell library contained the following spells:

 Spells                   Type           Power        Failure   Level  Hunger
 Corona                   Hex            #......      36%         1    ##.....
 Ensorcelled Hibernation  Hex/Ice        #.....       52%         2    ###....
 Dazzling Spray           Conj/Hex       #.....       75%         3    ####...
 Tukima's Dance           Hex            #.......     75%         3    ####...


Dungeon Overview and Level Annotations

Branches:
Dungeon (5/15)
 Temple: D:4-7

Altars:
Fedhas
Hepliaklqana
Okawaru
Ru
Uskayaw
Wu Jian
The Shining One


Innate Abilities, Weirdness & Mutations

You have extremely sharp teeth.
Your natural rate of healing is unusually fast.
When hurt, damage is shared between your health and your magic reserves.
Your bite disrupts and absorbs the magic of your enemies.
Potions cannot restore your health.
You are immune to rotting.


Message History

You feel sick.
Unknown command.
You hit the worker ant but do no damage.
The worker ant is heavily wounded.
The worker ant bites you!
* * * LOW HITPOINT WARNING * * *
You hit the worker ant. Your bite misses the worker ant.
The worker ant is heavily wounded.
You feel sick. The worker ant bites you.
* * * LOW HITPOINT WARNING * * *
The phantom barely misses you.
You hit the worker ant but do no damage.
The worker ant is heavily wounded.
You block the worker ant's attack.
The phantom falters for a moment.
Okay, then.
* * * LOW HITPOINT WARNING * * *
You feel sick.
* * * LOW HITPOINT WARNING * * *
You feel sick.
The phantom falters for a moment.
The worker ant bites you.
You die...

.........##....
.......#....
.........#
#.......##
##........#
#.......##
#....W...##
#....a##..####
###..@##..#..
###.........#
##.....##...<#
#...........###
#.............#...
####.#.............
####.............#
#..#.............#++
#.......#...........


You could see a phantom and a worker ant.

Vanquished Creatures
  Sigmund (D:4)
  A hungry ghost (D:4)
  A bullfrog skeleton (D:4)
  A hound (D:4)
  2 orc wizards
  A worker ant (D:4)
  13 gnolls
  5 adders
  An ooze (D:1)
  3 worms
  A dart slug (D:2)
  10 leopard geckos
  8 orcs
  2 ball pythons
  9 bats
  5 giant cockroaches
  5 goblins
  6 hobgoblins
  10 jackals
  A quokka (D:2)
  4 frilled lizards
  6 kobolds
  7 rats
103 creatures vanquished.

Notes
Turn   | Place    | Note
-------+----------+-------------------------------------------
     0 | D:1      | HAL9000 the Vine Stalker Assassin began the quest for the
                  | Orb.
     0 | D:1      | Reached XP level 1. HP: 11/11 MP: 2/2
    66 | D:1      | Reached XP level 2. HP: 12/15 MP: 3/3
   543 | D:1      | Reached XP level 3. HP: 14/18 MP: 4/4
   547 | D:1      | Reached skill level 1 in Shields
  1655 | D:3      | Gained mutation: Your natural rate of healing is unusually
                  | fast. [Vine Stalker growth]
  1655 | D:3      | Reached XP level 4. HP: 23/23 MP: 5/5
  1953 | D:3      | Found an iron altar of Okawaru.
  2019 | D:3      | Reached XP level 5. HP: 26/26 MP: 6/6
  2138 | D:3      | Found a hazy altar of Hepliaklqana.
  2588 | D:3      | Found an ornate altar of the Wu Jian Council.
  2682 | D:4      | Found a sacrificial altar of Ru.
  2712 | D:4      | Noticed Sigmund
  2830 | D:4      | Reached XP level 6. HP: 27/30 MP: 7/7
  2867 | D:4      | Found a hide-covered altar of Uskayaw.
  2887 | D:4      | Found a glowing drain.
  2929 | D:4      | Found a glowing golden altar of the Shining One.
  2933 | D:4      | Became a worshipper of Uskayaw the Reveler
  2964 | Sewer    | Entered a sewer
  2969 | Sewer    | Reached * piety under Uskayaw
  3390 | D:4      | Reached ** piety under Uskayaw
  3393 | D:4      | Reached *** piety under Uskayaw
  3394 | D:4      | Killed Sigmund
  3427 | D:4      | Found a blossoming altar of Fedhas.
  3459 | D:4      | Reached XP level 7. HP: 22/34 MP: 4/8
  3720 | D:4      | Reached skill level 5 in Short Blades
  3742 | D:4      | Learned a level 3 spell: Confuse
  3866 | D:5      | Entered Level 5 of the Dungeon
  4166 | D:5      | Noticed a hungry ghost
  4198 | D:4      | Killed a hungry ghost
  4198 | D:4      | Reached skill level 5 in Shields
  4371 | D:5      | HP: 1/34 [worker ant (2)]
  4375 | D:5      | Slain by a worker ant

Levels and vault maps discovered:
D:1:      dpeg_arrival_pits, layout_basic, due_unseen_surprise
D:2:      layout_rooms, minmay_misc_feat_more_columns
D:3:      layout_loops_ring, lemuel_coloured_pillars_altar, old_standard_altar,
          overflow_temple_1_default, first_ration
D:4:      layout_basic, old_standard_altar,
          chequers_temple_overflow_statue_of_worship, old_standard_altar,
          portal_sewer_entry_f, uniq_sigmund
D:5:      layout_cave_pools, minmay_temple_entry_fiery,
          kennysheep_cross_bottleneck

Skill      XL: |  1  2  3  4  5  6  7 |
---------------+----------------------+-----
Short Blades   | 2 3 4 5 |  5.4
Shields        | 1 2 3 4 5 |  5.1
Fighting       | |  1.7
Throwing       | |  1.7
Dodging        | |  0.7
Stealth        | |  4.8

Action                   |  1- 3 |  4- 6 |  7- 9 || total
-------------------------+-------+-------+-------++-------
Melee: Dagger            |   112 |   240 |   154 ||   506
       Bite              |    29 |    57 |    45 ||   131
Throw: Dart              |     1 |    11 |       ||    12
  Use: Potion            |       |     1 |     1 ||     2
       Scroll            |       |     3 |     2 ||     5
 Stab: Sleeping          |     7 |     5 |       ||    12
       Paralysed         |       |     1 |     1 ||     2
  Eat: Chunk             |     1 |     8 |     3 ||    12
       Ration            |       |       |     1 ||     1
Armor: Robe              |    32 |     4 |       ||    36
       Leather armour    |       |    34 |    17 ||    51
Dodge: Dodged            |    68 |   114 |    63 ||   245
Block: Buckler           |    25 |    49 |    22 ||    96

Table legend:
 A = Non-vault XP
 B = Vault XP
 C = Vault XP percentage of total XP
 D = Non-vault monster count
 E = Vault monster count
 F = Vault count percentage of total count
                 A         B        C        D         E       F
            +---------+---------+-------+---------+---------+-------
      Total |     747 |     255 |  25.4 |      83 |      20 |  19.4
            +---------+---------+-------+---------+---------+-------
        D:1 |      56 |       0 |   0.0 |      23 |       0 |   0.0
        D:2 |      68 |       0 |   0.0 |      17 |       0 |   0.0
        D:3 |     141 |       0 |   0.0 |      24 |       0 |   0.0
        D:4 |     455 |     228 |  33.4 |      17 |       7 |  29.2
        D:5 |      27 |       0 |   0.0 |       2 |       0 |   0.0
      Sewer |       0 |      27 | 100.0 |       0 |      13 | 100.0
            +---------+---------+-------+---------+---------+-------
